 Dungeon Crawl Stone Soup version 0.29-a0-555-g3b24f45cc1 (webtiles) character file.

Game seed: 18293034656535761559

1568 gruber the Destroyer (level 8, -5/41 HPs)
             Began as a Tengu Conjurer on June 7, 2022.
             Was an Initiate of Vehumet.
             Succumbed to a hornet's poison
             ... on level 6 of the Dungeon.
             The game lasted 00:08:45 (7304 turns).

gruber the Destroyer (Tengu Conjurer)               Turns: 7304, Time: 00:08:45

Health: -5/41      AC:  2    Str:  8    XL:     8   Next: 90%
Magic:  2/15       EV: 17    Int: 20    God:    Vehumet [......]
Gold:   350        SH:  0    Dex: 13    Spells: 7/15 levels left

rFire   . . .      SeeInvis .   w - +4 short sword (speed)
rCold   . . .      Faith    .   (no shield)
rNeg    + . .      Spirit   .   a - +0 robe
rPois   .          Reflect  .   (helmet restricted)
rElec   .          Harm     .   (no cloak)
rCorr   .          Rampage  .   (no gloves)
Will    .....                   (boots unavailable)
Stlth   ++........              (no amulet)
HPRegen 0.13/turn               u - ring of positive energy
MPRegen 0.14/turn               (no ring)

@: lethally poisoned (-5 -> -23), flying quickly and evasively, slowed, very
slow
A: beak, talons 3, nimble flight
a: Renounce Religion


You were on level 6 of the Dungeon.
You worshipped Vehumet.
Vehumet was noncommittal.
You visited 1 branch of the dungeon, and saw 6 of its levels.

You collected 350 gold pieces.

Inventory:

Hand Weapons
 k - a +0 dagger of venom
 w - a +4 short sword of speed (weapon)
Missiles
 f - 2 throwing nets
Armour
 a - a +0 robe (worn)
Jewellery
 u - a ring of positive energy (left hand)
 z - an amulet of reflection
 A - a ring of willpower
Wands
 B - a wand of flame (36)
Scrolls
 c - a scroll of poison {unknown}
 e - 7 scrolls of identify {unknown}
 l - 3 scrolls of teleportation {unknown}
 m - 2 scrolls of immolation {unknown}
 o - 2 scrolls of silence {unknown}
 p - a scroll of noise {unknown}
 r - a scroll of enchant weapon {unknown}
 s - 2 scrolls of vulnerability {unknown}
 v - 3 scrolls of fog {unknown}
 x - 2 scrolls of enchant armour {unknown}
 y - 2 scrolls of magic mapping {unknown}
Potions
 b - 2 potions of magic
 d - 3 potions of attraction {unknown}
 g - 3 potions of heal wounds {unknown}
 h - a potion of degeneration {unknown}
 i - 4 potions of flight {unknown}
 j - a potion of might {unknown}
 n - 4 potions of curing {unknown}
 q - a potion of lignification {unknown}
 t - 3 potions of haste {unknown}


   Skills:
 - Level 0.1 Long Blades
 - Level 0.1(0.5) Axes
 - Level 0.8(0.9) Maces & Flails
 - Level 0.1(0.2) Polearms
 - Level 0.1(0.5) Staves
 - Level 0.6 Slings
 - Level 0.7 Bows
 - Level 0.1 Crossbows
 * Level 7.0 Dodging
 - Level 2.0 Stealth
 - Level 0.2 Shields
 - Level 4.0 Spellcasting
 - Level 8.1 Conjurations
 - Level 0.1 Hexes
 - Level 0.4 Summonings
 - Level 0.3 Necromancy
 - Level 0.4 Translocations
 - Level 0.1 Transmutations
 - Level 0.1 Fire Magic
 - Level 0.1 Ice Magic
 - Level 7.2 Air Magic
 - Level 0.1 Earth Magic
 - Level 0.1 Poison Magic
 - Level 0.3 Invocations
 - Level 0.3 Evocations


You had 7 spell levels left.
You knew the following spells:

 Your Spells              Type           Power      Damage    Failure   Level
a - Magic Dart            Conj           100%       1d8       1%          1
b - Searing Ray           Conj           72%        2d7       1%          2
c - Shock                 Conj/Air       100%       1d9       1%          1
d - Airstrike             Air            16%        N/A       6%          4

Your spell library contained the following spells:

 Spells                   Type           Power      Damage    Failure   Level
 Swiftness                Air            33%        N/A       1%          3
 Foxfire                  Conj/Fire      80%        2x1d8     2%          1
 Conjure Flame            Conj/Fire      20%        6-21      7%          3
 Dazzling Flash           Conj/Hex       40%        N/A       7%          3
 Fulminant Prism          Conj/Hex       10%        3d9       22%         4
 Iskenderun's Mystic Bla  Conj/Tloc      21%        2d6       22%         4
 Flame Wave               Conj/Fire      20%        2d7       24%         4
 Inner Flame              Hex/Fire       4%         N/A       36%         3


Dungeon Overview and Level Annotations

Branches:
Dungeon (6/15)             Temple (0/1) D:5

Altars:
Fedhas
Vehumet
Xom
Yredelemnul


Innate Abilities, Weirdness & Mutations

You have a beak for a mouth.
You have claws for feet.
Your magical nature lets you fly swiftly and evasively.


Message History

The searing ray hits the hornet!
The hornet is moderately wounded.
The hornet stings you!
You feel yourself slow down.
The searing ray hits the hornet.
The hornet is moderately wounded.
You finish channelling your searing ray.
The hornet misses you. The hornet closely misses you.
Aiming: Throw Flame
Press: ? - help, Shift-Dir - straight line, f/p - hornet
Aim: a hornet (moderately wounded, 52% to hit)
The puff of flame hits the hornet.
The hornet is moderately wounded.
You feel yourself speed up. The hornet closely misses you.
The hornet completely misses you. The hornet stings you.
You feel yourself slow down.
Unknown command.
Casting: Searing Ray (safe; 1% risk of failure)
Confirm with . or Enter, or press ? or * to list all spells.
Aiming: Searing Ray (safe; 1% risk of failure)
Press: ? - help, Shift-Dir - straight line, f/p - hornet
Aim: a hornet (moderately wounded, 71% to hit)
The searing ray hits the hornet!
The hornet is heavily wounded. (Press . to maintain the ray.)
You feel yourself speed up. The hornet closely misses you.
The hornet stings you!
You are poisoned.
You suddenly lose the ability to move!
You feel sick. The hornet barely misses you.
You feel sick. The hornet stings you.
* * * LOW HITPOINT WARNING * * *
You are lethally poisoned!
You feel yourself slow down. The hornet stings you!
* * * LOW HITPOINT WARNING * * *
You feel as though you will be slow longer.
You can move again.
Unknown command.
Unknown command.
Unknown command.
You die...

#........ #........
#.....(.. #<.......
#.......? ########
#.h...... #..<...#
#........ #..[...#
######...###......#
......y@......#
####..##......# #$.
.......# ...
.######## .## #. #
.


You could see a hornet.

Vanquished Creatures
  Eustachio (D:5)
  A sky beast (D:6)
  A black bear (D:6)
  2 ogres (D:5)
  Blork the orc (D:6)
  A bullfrog (D:5)
  A kobold brigand (D:5)
  2 scorpions
  A necrophage (D:4)
  A howler monkey (D:5)
  A bullfrog zombie (D:4)
  2 hounds (D:5)
  A jelly (D:4)
  A gnoll shaman (D:5)
  2 orc priests (D:5)
  2 orc wizards (D:5)
  Natasha (thrice) (D:2)
  2 scorpion zombies (D:4)
  A hound zombie (D:4)
  5 gnolls (D:5)
  8 adders
  An ufetubus (D:5)
  An adder zombie (D:4)
  4 worms
  5 dart slugs
  21 orcs
  3 endoplasms
  9 giant cockroaches
  9 goblins
  9 kobolds
  4 quokkas
  4 ball pythons
  9 bats
  5 frilled lizards
  7 rats
131 creatures vanquished.

Notes
Turn   | Place    | Note
-------+----------+-------------------------------------------
     0 | D:1      | gruber the Tengu Conjurer began the quest for the Orb.
     0 | D:1      | Reached XP level 1. HP: 10/10 MP: 4/4
   248 | D:1      | Found a faded altar of an unknown god.
   256 | D:1      | Reached XP level 2. HP: 15/15 MP: 4/6
   361 | D:1      | Reached skill level 6 in Conjurations
   830 | D:1      | Reached XP level 3. HP: 19/19 MP: 5/7
  1064 | D:2      | Learned a level 2 spell: Searing Ray
  1066 | D:2      | Learned a level 1 spell: Shock
  1613 | D:2      | Noticed Natasha
  1614 | D:2      | Reached XP level 4. HP: 24/24 MP: 2/8
  1799 | D:2      | Killed Natasha
  1800 | D:2      | Reached skill level 7 in Conjurations
  1831 | D:2      | Noticed Natasha
  1838 | D:2      | Killed Natasha
  2151 | D:2      | Noticed Natasha
  2165 | D:2      | Killed Natasha
  2166 | D:2      | Gained mutation: Your magical nature lets you fly swiftly
                  | and evasively. [Tengu growth]
  2166 | D:2      | Reached XP level 5. HP: 28/28 MP: 2/10
  2500 | D:3      | Reached skill level 1 in Air Magic
  3060 | D:3      | Reached XP level 6. HP: 26/32 MP: 2/11
  3552 | D:4      | Found a basalt altar of Yredelemnul.
  4299 | D:4      | Reached XP level 7. HP: 36/36 MP: 6/12
  4363 | D:4      | Found a shimmering altar of Xom.
  4480 | D:4      | Reached skill level 5 in Air Magic
  4725 | D:4      | Found a blossoming altar of Fedhas.
  4855 | D:5      | Entered Level 5 of the Dungeon
  4900 | D:5      | Found a staircase to the Ecumenical Temple.
  5742 | D:5      | Found a radiant altar of Vehumet.
  5991 | D:5      | Reached XP level 8. HP: 41/41 MP: 10/15
  5994 | D:5      | Reached skill level 8 in Conjurations
  6292 | D:5      | Noticed Eustachio
  6306 | D:5      | Killed Eustachio
  6724 | D:5      | Became a worshipper of Vehumet
  6761 | D:6      | Noticed Blork the orc
  6807 | D:5      | Reached skill level 5 in Dodging
  6835 | D:6      | Noticed a hornet
  6886 | D:5      | Learned a level 4 spell: Airstrike
  6892 | D:6      | Killed Blork the orc
  6900 | D:6      | HP: 2/41 [kobold brigand/+0 club (5)]
  6905 | D:5      | HP: 2/41 [kobold/stone (1)]
  7301 | D:6      | Paralysed by a hornet for 3 turns
  7303 | D:6      | HP: 1/41 [hornet (8)]
  7304 | D:6      | Succumbed to a hornet's poison

Illustrated notes

Levels and vault maps discovered:
D:1:      sevenhm_arrival_forest_fort_small_3, layout_loops_cross,
          shapermc_ecumenical_altar_venn, corexii_leaking_fountain
D:2:      layout_basic, minmay_tetromino_t4, uniq_natasha
D:3:      layout_loops_ring, nicolae_figureground_sparkle
D:4:      layout_loops_ring, old_standard_altar,
          nicolae_yredelemnul_corpse_copse, lemuel_doored_altar,
          kennysheep_decorative_pillar, grunt_decor_fettered
D:5:      layout_loops_ring, lemuel_tele_altar, temple_pool_b, uniq_eustachio
D:6:      layout_rooms, mainiacjoe_overflow_chevrons, kiku_gazebo_pond_becter,
          uniq_blork_the_orc

Skill      XL: |  1  2  3  4  5  6  7  8 |
---------------+-------------------------+-----
Conjurations   | 6 7 8 |  8.1
Spellcasting   | 3 4 |  4.0
Air Magic      | 2 4 7 |  7.2
Dodging        | 7 |  7.0
Long Blades    | |  0.1
Axes           | |  0.1
Maces & Flails | |  0.8
Polearms       | |  0.1
Staves         | |  0.1
Slings         | |  0.6
Bows           | |  0.7
Crossbows      | |  0.1
Stealth        | |  2.0
Shields        | |  0.2
Hexes          | |  0.1
Summonings     | |  0.4
Necromancy     | |  0.3
Translocations | |  0.4
Transmutations | |  0.1
Fire Magic     | |  0.1
Ice Magic      | |  0.1
Earth Magic    | |  0.1
Poison Magic   | |  0.1
Invocations    | |  0.3
Evocations     | |  0.3

Action                   |  1- 3 |  4- 6 |  7- 9 || total
-------------------------+-------+-------+-------++-------
Melee: Peck              |     1 |     7 |     2 ||    10
       Dagger            |     1 |     6 |       ||     7
       Short sword       |       |    37 |    28 ||    65
       Kick              |       |    11 |     8 ||    19
       Punch             |       |       |     1 ||     1
 Cast: Magic Dart        |    75 |    77 |    20 ||   172
       Searing Ray       |       |     9 |    30 ||    39
       Airstrike         |       |       |     1 ||     1
Evoke: Wand              |       |       |     5 ||     5
 Stab: Sleeping          |       |     2 |     4 ||     6
Armor: Robe              |     1 |     9 |     5 ||    15
Dodge: Dodged            |     9 |    38 |    52 ||    99

Table legend: (Time is in decaauts)
 A = Elapsed time spent in this place.
 B = Non-inter-level travel time spent in this place.
 C = Inter-level travel time spent in this place.
 D = Time resting spent in this place.
 E = Time spent auto-exploring this place.
 F = Levels seen in this place.
 G = Mean time per level.
                   A        B        C        D        E       F      G
               +--------+--------+--------+--------+--------+-----+--------+
         Total |   7063 |   6625 |    438 |     39 |   5755 |   6 | 1177.2 |
       Dungeon |   7063 |   6625 |    438 |     39 |   5755 |   6 | 1177.2 |
               +--------+--------+--------+--------+--------+-----+--------+

Top non-repeatable levels by time:
     D:5: 1883 daAuts
     D:4: 1727 daAuts
     D:2: 1141 daAuts
     D:1: 1115 daAuts
     D:3: 1056 daAuts
     D:6: 138 daAuts
